 Dungeon Crawl Stone Soup version 0.21-a0-516-gaaff437 (webtiles) character file.

6188 Gildeon the Vexing (level 10, -2/74 HPs)
             Began as a Demigod Fire Elementalist on Dec 4, 2017.
             Slain by a large slime creature (35 damage)
             ... on level 9 of the Dungeon.
             The game lasted 01:20:50 (12932 turns).

Gildeon the Vexing (Demigod Fire Elementalist)     Turns: 12932, Time: 01:20:50

Health: -2/74      AC:  9    Str: 15    XL:     10   Next: 35%
Magic:  17/21      EV: 17    Int: 23    God:
Gold:   474        SH:  0    Dex: 20    Spells: 1/19 levels left

rFire    . . .     SeeInvis .   d - +0 halberd (freeze)
rCold    + . .     Gourm    .   (shield currently unavailable)
rNeg     . . .     Faith    .   w - +3 leather armour of Vanity {rC+ rCorr}
rPois    +         Spirit   .   (helmet restricted)
rElec    .         Reflect  .   x - +0 cloak
rCorr    +         Harm     .   s - +0 pair of gloves
MR       ++...                  (no boots)
Stlth    +++.......             (no amulet)
HPRegen  0.22/turn              a - +4 ring of intelligence
MPRegen  0.17/turn              n - +2 ring of evasion

@: no status effects
A: horns 1, blurry vision 1, high mp 1, magic resistance 1, poison resistance,
strong 1
a: no special abilities


You were on level 9 of the Dungeon.
You were full.

You visited 1 branch of the dungeon, and saw 10 of its levels.

You collected 474 gold pieces.

Inventory:

Hand Weapons
 d - a +0 halberd of freezing (weapon)
 q - a +2 spear of piercing
Armour
 s - a +0 pair of gloves (worn)
 w - the +3 leather armour of Vanity (worn) {rC+ rCorr}
   (You found it on level 9 of the Dungeon)

   It protects you from cold.
   It protects you from acid and corrosion.
 x - a +0 cloak (worn)
Jewellery
 a - a +4 ring of intelligence (left hand)
 n - a +2 ring of evasion (right hand)
Wands
 b - a wand of digging (11)
Scrolls
 c - 2 scrolls of teleportation
 u - a scroll of fog
 y - 3 scrolls of remove curse
Potions
 e - a potion of invisibility
 f - a potion of resistance
 h - 2 potions of flight
Books
 m - a book of Debilitation

   Spells                             Type                      Level
   a - Corona                         Hexes                        1
   b - Slow                           Hexes                        2
   c - Inner Flame                    Hexes/Fire                   3
   d - Portal Projectile              Hexes/Translocation          3
   e - Cause Fear                     Hexes                        4
   f - Leda's Liquefaction            Hexes/Earth                  4
 z - a book of Changes

   Spells                             Type                      Level
   a - Beastly Appendage              Transmutation                1
   b - Sticks to Snakes               Transmutation                2
   c - Spider Form                    Transmutation/Poison         3
   d - Ice Form                       Ice/Transmutation            4
   e - Blade Hands                    Transmutation                5
Comestibles
 i - 2 meat rations
 j - 18 fruits
 l - 4 royal jellies
 o - 2 bread rations


   Skills:
 - Level 2.4 Fighting
 - Level 2.0 Polearms
 - Level 5.0 Armour
 - Level 5.2 Dodging
 - Level 5.1 Stealth
 - Level 5.0 Spellcasting
 - Level 5.2 Conjurations
 - Level 6.5 Hexes
 - Level 5.1 Fire Magic
 + Level 3.5 Evocations


You had one spell level left.
You knew the following spells:

 Your Spells              Type           Power        Failure   Level  Hunger
a - Flame Tongue          Conj/Fire      ####.        1%          1    None
b - Throw Flame           Conj/Fire      ####..       1%          2    None
c - Conjure Flame         Conj/Fire      ####....     3%          3    ##.....
d - Inner Flame           Hex/Fire       ####....     3%          3    ##.....
e - Sticky Flame          Conj/Fire      ####....     13%         4    ####...
f - Fireball              Conj/Fire      ####......   34%         5    #####..


Dungeon Overview and Level Annotations

Branches:
Dungeon (10/15)            Temple (0/1) D:6
   Lair: D:8-11         Orc: D:9-12

Shops:
D:5 *%!   D:6 }   D:7 :

Annotations:
D:8 Zooty's ghost, novice OpTm


Innate Abilities, Weirdness & Mutations

You have an increased reservoir of magic. (+10% MP)
You have a pair of small horns on your head.
Scrolls take you a little longer to read.
You are resistant to hostile enchantments. (MR+)
Your system is resistant to poisons. (rPois)
Your muscles are strong. (Str +2)


Message History

The slime creature barely misses you.
Casting: Flame Tongue
Confirm with . or Enter, or press ? or * to list all spells.
Aiming: Flame Tongue
Press: ? - help, Shift-Dir - straight line, f/p - slime creature
Aim: a slime creature (moderately wounded)
The flame tongue hits the slime creature.
The slime creature is moderately wounded.
The slime creature hits you!
Press: ? - help, v - describe, . - travel
Here: a slime creature (moderately wounded)
The floor.
Okay, then.
Two slime creatures merge to form a large slime creature.
You completely miss the large slime creature.
The large slime creature is lightly wounded.
You hit the large slime creature. You freeze the large slime creature.
The large slime creature is lightly wounded.
The large slime creature hits you!!
You die...

##........# #.#..#
##.....#.###.##.#
##...##........#
##+#######.#### #.#
#.# ##.# #.# ##..##
#.# ##.#..######.#
.########.###.JJ@....#
...........#...#######
########..#..#.#
#..#..#.# #.....#.#
#.###.#.# #.###.#.#
### #.......# ##[##
############)###
##)<)##


You could see a large slime creature and a jelly.

Vanquished Creatures
  A two-headed ogre (D:9)
  The ghost of Nirn the Changer, a novice DgTm (D:7)
  A deep elf mage (D:9)
  Maurice (D:9)
  2 hungry ghosts
  Menkaure (D:4)
  Duvessa (D:7)
  A hornet zombie (D:9)
  2 ice beasts (D:9)
  An orc warrior (D:10)
  A phantom (D:10)
  2 sky beasts
  4 centaurs
  2 ogres
  A big kobold (D:10)
  6 bullfrogs
  Dowan (D:7)
  3 scorpions
  9 killer bees (D:9)
  2 howler monkeys
  2 centaur zombies (D:7)
  4 crimson imps
  6 orc priests
  8 hounds
  4 jellies
  A centaur skeleton (D:8)
  An iguana (D:6)
  6 orc wizards
  8 worker ants
  2 killer bee zombies
  A hound zombie (D:4)
  2 hound skeletons
  A worker ant zombie (D:7)
  5 adders
  8 gnolls
  5 shadow imps
  An ooze (D:4)
  2 adder skeletons
  An adder zombie (D:8)
  3 worms
  A dart slug (D:5)
  3 leopard geckos
  25 orcs
  7 bats
  7 giant cockroaches
  9 goblins
  8 hobgoblins
  8 jackals
  3 quokkas
  2 jackal skeletons
  10 kobolds
  A leopard gecko skeleton (D:4)
  3 quokka skeletons
  A quokka zombie (D:7)
  9 rats
  A fungus (D:2)
  A plant (D:5)
213 creatures vanquished.

Vanquished Creatures (others)
  2 fungi (D:2)
2 creatures vanquished.

Grand Total: 215 creatures vanquished

Notes
Turn   | Place    | Note
-------+----------+-------------------------------------------
     0 | D:1      | Gildeon the Demigod Fire Elementalist began the quest for the Orb.
     0 | D:1      | Reached XP level 1. HP: 14/14 MP: 5/5
   425 | D:1      | Reached XP level 2. HP: 20/20 MP: 5/8
   862 | D:1      | Learned a level 2 spell: Throw Flame
  1326 | D:2      | Reached XP level 3. HP: 13/26 MP: 3/10
  1902 | D:2      | Learned a level 3 spell: Conjure Flame
  2044 | D:2      | Found an opulent altar of Gozag.
  2360 | D:2      | Found an iron altar of Okawaru.
  2408 | D:2      | Found a blossoming altar of Fedhas.
  2415 | D:2      | Noticed a centaur
  2440 | D:2      | Killed a centaur
  2440 | D:2      | Reached XP level 4. HP: 11/33 MP: 3/13
  2641 | D:2      | Learned a level 3 spell: Inner Flame
  3330 | D:3      | Reached XP level 5. HP: 38/38 MP: 12/15
  3850 | D:4      | Reached skill level 5 in Spellcasting
  3856 | D:4      | Learned a level 4 spell: Sticky Flame
  3989 | D:4      | Noticed an ogre
  3997 | D:4      | Killed an ogre
  3997 | D:4      | Reached XP level 6. HP: 45/45 MP: 8/16
  4385 | D:4      | Noticed Menkaure
  4391 | D:4      | Killed Menkaure
  4639 | D:4      | Reached skill level 5 in Fire Magic
  4698 | D:4      | Reached skill level 1 in Conjurations
  4824 | D:4      | Found a burning altar of Makhleb.
  4832 | D:4      | Reached XP level 7. HP: 49/50 MP: 10/18
  5130 | D:5      | Entered Level 5 of the Dungeon
  5758 | D:5      | Found a white marble altar of Elyvilon.
  5798 | D:5      | Reached skill level 5 in Conjurations
  5898 | D:5      | Found Gayhung's Distillery.
  5968 | D:5      | Found a shattered altar of Ashenzari.
  6054 | D:5      | Reached skill level 1 in Hexes
  6207 | D:5      | Found a stormy altar of Qazlal.
  6245 | D:5      | Found Jilang's Food Emporium.
  6311 | D:5      | Reached skill level 2 in Hexes
  6311 | D:5      | Reached XP level 8. HP: 52/57 MP: 19/19
  6356 | D:5      | Found Buiplum's General Store.
  6645 | D:6      | Reached skill level 3 in Hexes
  6787 | D:6      | Found a hide-covered altar of Uskayaw.
  7131 | D:6      | Reached skill level 4 in Hexes
  7390 | D:6      | Found a staircase to the Ecumenical Temple.
  7435 | D:6      | Found Wuxeicim's Gadget Shoppe.
  7645 | D:7      | Noticed Nirn's ghost (novice DgTm)
  7680 | D:7      | Killed Nirn's ghost
  7680 | D:7      | Reached skill level 6 in Hexes
  7871 | D:7      | Noticed Duvessa
  7872 | D:7      | Noticed Dowan
  7884 | D:7      | Killed Duvessa
  7900 | D:7      | Killed Dowan
  8001 | D:7      | Found Relidam's Book Shoppe.
  8197 | D:7      | Reached XP level 9. HP: 62/62 MP: 8/20
  8204 | D:7      | Learned a level 5 spell: Fireball
  8412 | D:7      | Found a deep blue altar of Sif Muna.
  8460 | D:7      | You fall through a shaft for 3 floors!
  8460 | D:10     | Entered Level 10 of the Dungeon
  8794 | D:10     | Found a sacrificial altar of Ru.
  8894 | D:10     | Gained mutation: Your muscles are strong. (Str +2) [mutagenic meat]
  8895 | D:10     | Gained mutation: You are resistant to hostile enchantments. (MR+) [mutagenic meat]
  9009 | D:10     | Reached skill level 5 in Dodging
  9016 | D:10     | Reached skill level 1 in Armour
  9590 | D:9      | Noticed an ogre mage
  9590 | D:9      | Noticed a deep elf mage
  9590 | D:9      | Noticed a two-headed ogre
  9867 | D:8      | Noticed Zooty's ghost (novice OpTm)
  9874 | D:9      | Noticed Maurice
  9889 | D:9      | Killed Maurice
  9889 | D:9      | Reached skill level 5 in Armour
 10156 | D:9      | Gained mutation: Your system is resistant to poisons. (rPois) [mutagenic meat]
 10158 | D:9      | Gained mutation: You have a pair of small horns on your head. [mutagenic meat]
 10160 | D:9      | Gained mutation: Scrolls take you a little longer to read. [mutagenic meat]
 10196 | D:9      | Got a crude leather armour
 10207 | D:9      | Identified the +3 leather armour of Vanity {rC+ rCorr} (You found it on level 9 of the Dungeon)
 10267 | D:9      | Killed a two-headed ogre
 10315 | D:9      | Noticed a smoke demon
 10331 | D:9      | HP: 2/62 [smoke demon/divine providence[a deep elf mage] (13)]
 10336 | D:9      | Noticed a demonic crawler
 10688 | D:9      | Reached XP level 10. HP: 69/69 MP: 17/21
 10701 | D:9      | Reached skill level 5 in Stealth
 10721 | D:9      | HP: 3/69 [poisoned by a killer bee]
 10727 | D:9      | HP: 1/69 [poisoned by a killer bee]
 10735 | D:9      | HP: 1/69 [poisoned by a killer bee]
 10743 | D:9      | HP: 1/69 [poisoned by a killer bee]
 11043 | D:9      | Killed a deep elf mage
 11473 | D:9      | Reached skill level 1 in Polearms
 11865 | D:9      | Reached skill level 1 in Evocations
 12932 | D:9      | Slain by a large slime creature

Vault maps used:
D:1:      dpeg_arrival_refuge
D:2:      nicolae_gozag_cash_rules_everything_around_me,
          okawaru_ov_weapons_minmay, fedhas_altar_3
D:3:      first_bread
D:4:      makhleb_blood_cavern_becter, hex_medium, uniq_menkaure
D:5:      nicolae_ashenzari_panopticon, elyvilon_altar_5,
          nicolae_qazlal_general_emergency, serial_shops, shop,
          nicolae_shop_waterfront, nicolae_shop_stone, corexii_shack
D:6:      eat_drink_and_be_merry_uskayaw, minmay_temple_entry_poolview,
          serial_shops, shop, hangedman_glass_teeth
D:7:      lemuel_blue_sif_altar, serial_shops, shop, uniq_duvessa
D:8:      zin_purify, lemuel_doored_altar, minmay_ruined_shrine
D:9:      wad_scary_box, uniq_maurice
D:10:     serial_shops, shop, basic_altar, grunt_livestock

Skill      XL: |  1  2  3  4  5  6  7  8  9 10 |
---------------+-------------------------------+-----
Spellcasting   | 2 3 4 5 |  5.0
Fire Magic     | 3 5 |  5.1
Conjurations   | 2 5 |  5.2
Hexes          | 2 6 |  6.5
Dodging        | 3 5 |  5.2
Armour         | 5 |  5.0
Stealth        | 4 5 |  5.1
Fighting       | 2 |  2.4
Polearms       | 2 |  2.0
Evocations     | 3 |  3.5

Action                   |  1- 3 |  4- 6 |  7- 9 | 10-12 || total
-------------------------+-------+-------+-------+-------++-------
Melee: Club              |     3 |       |       |       ||     3
       Mace              |    18 |     5 |       |       ||    23
       Dagger            |       |       |    95 |       ||    95
       Spear             |       |       |    13 |       ||    13
       Halberd           |       |       |    15 |    44 ||    59
       Headbutt          |       |       |     2 |    14 ||    16
 Cast: Flame Tongue      |    81 |    94 |   266 |   114 ||   555
       Sticky Flame      |       |     3 |     7 |    11 ||    21
       Throw Flame       |       |       |    68 |       ||    68
       Conjure Flame     |       |       |     1 |       ||     1
       Fireball          |       |       |       |     4 ||     4
  Use: Scroll            |     9 |     6 |    10 |     1 ||    26
       Potion            |       |     1 |     8 |     1 ||    10
  Eat: Bread ration      |     1 |       |     3 |       ||     4
       Chunk             |       |     8 |    11 |     2 ||    21
       Meat ration       |       |       |     1 |     4 ||     5
Armor: Robe              |     2 |       |       |       ||     2
       Leather armour    |    10 |    18 |    53 |    90 ||   171
Dodge: Dodged            |    22 |    41 |   156 |   293 ||   512
       Rpst.: Falchion   |       |       |     2 |       ||     2

Table legend:
 A = Spawn XP
 B = Non-spawn XP
 C = Spawn XP percentage of total XP
 D = Spawn monster count
 E = Non-spawn monster count
 F = Spawn count percentage of total count
 G = Total turns spent on level
                    A         B        C        D         E        F      G
               +---------+---------+-------+---------+---------+-------+---------
         Total |       0 |    8841 |   0.0 |       0 |     211 |   0.0 | 12932
               +---------+---------+-------+---------+---------+-------+---------
           D:1 |       0 |      35 |   0.0 |       0 |      18 |   0.0 |  1112
           D:2 |       0 |     167 |   0.0 |       0 |      19 |   0.0 |  1551
           D:3 |       0 |      35 |   0.0 |       0 |      18 |   0.0 |   898
           D:4 |       0 |     726 |   0.0 |       0 |      19 |   0.0 |  1569
           D:5 |       0 |     762 |   0.0 |       0 |      27 |   0.0 |  1386
           D:6 |       0 |     486 |   0.0 |       0 |      14 |   0.0 |  1097
           D:7 |       0 |    1169 |   0.0 |       0 |      12 |   0.0 |   847
           D:8 |       0 |     571 |   0.0 |       0 |      11 |   0.0 |    81
           D:9 |       0 |    3795 |   0.0 |       0 |      46 |   0.0 |  3435
          D:10 |       0 |    1095 |   0.0 |       0 |      27 |   0.0 |   956
               +---------+---------+-------+---------+---------+-------+---------
